 Dungeon Crawl Stone Soup version 0.29.1-13-g9f3cf754e1 (webtiles) character file.

Game seed: 17633500589072628154

4 Ast3rio the Grave Robber (level 1, 0/13 HPs)
             Began as a Vampire Necromancer on Feb 9, 2023.
             Slain by a rat (1 damage)
             ... on level 1 of the Dungeon.
             The game lasted 00:02:16 (235 turns).

Ast3rio the Grave Robber (Vampire Necromancer)       Turns: 235, Time: 00:02:16

Health: 0/13       AC:  3    Str:  7    XL:     1   Next: 58%
Magic:  3/3        EV: 12    Int: 17    God:
Gold:   23         SH:  0    Dex: 14    Spells: 3/4 levels left

rFire   . . .      SeeInvis +   g - +0 short sword
rCold   . . .      Faith    .   (no shield)
rNeg    . . .      Spirit   .   a - +0 robe
rPois   .          Reflect  .   c - +0 helmet
rElec   .          Harm     .   (no cloak)
rCorr   .          Rampage  .   (no gloves)
Will    .....                   (no boots)
Stlth   ++........              (no amulet)
HPRegen 0.24/turn               (no ring)
MPRegen 0.08/turn               (no ring)

@: healing quickly
A: alive, fangs 3, see invisible, vampiric 1
a: Exsanguinate


You were on level 1 of the Dungeon.
You visited 1 branch of the dungeon, and saw 1 of its levels.

You collected 23 gold pieces.

Inventory:

Hand Weapons
 g - a +0 short sword (weapon)
Armour
 a - a +0 robe (worn)
 b - a +0 pair of gloves
 c - a +0 helmet (worn)
Scrolls
 e - a scroll of enchant weapon {unknown}
 f - a scroll of acquirement {unknown}
Potions
 d - a potion of mutation {unknown}


   Skills:
 + Level 2.1 Dodging
 + Level 3.2 Stealth
 + Level 2.0 Spellcasting
 + Level 4.6 Necromancy


You had 3 spell levels left.
You knew the following spells:

 Your Spells              Type           Power      Damage    Failure   Level
a - Necrotise             Necr           68%        1d7       3%          1

Your spell library contained the following spells:

 Spells                   Type           Power      Damage    Failure   Level
 Vampiric Draining        Necr           17%        2d7       9%          3
 Animate Dead             Necr           17%        N/A       28%         4
 Agony                    Necr           17%        N/A       63%         5


Dungeon Overview and Level Annotations

Branches:
Dungeon (1/15)

Altars:


Innate Abilities, Weirdness & Mutations

Your natural rate of healing is accelerated.
You have razor-sharp teeth.
You have supernaturally acute eyesight. (SInv)
You are afflicted with vampirism.


Message History

Your jackal skeleton bites the ball python.
The ball python dies!
You swap places.
You swap places.
You see here a ball python corpse.
There is an open door, spattered with blood here.
Found a pair of gloves.
You swap places.
You now have 23 gold pieces (gained 10).
A rat comes into view.
A kobold comes into view. It is wielding a +0 club.
Found 8 gold pieces.
The kobold shouts!
You hear a shout!
The rat bites you.
You see here a +0 pair of gloves.
b - a +0 pair of gloves The rat closely misses you.
The kobold hits you with a +0 club.
* * * LOW HITPOINT WARNING * * *
Your jackal skeleton barely misses the rat.
Your jackal skeleton misses the kobold.
The rat attacks as you move away! The rat barely misses you.
Your jackal skeleton bites the rat but does no damage.
A goblin comes into view. It is wielding a +0 club.
Your jackal skeleton bites the kobold but does no damage.
The kobold attacks as you move away! The kobold hits you but does no damage.
The kobold hits your jackal skeleton with a +0 club.
Your jackal skeleton completely misses the kobold.
Your jackal skeleton closely misses the rat.
Your jackal skeleton barely misses the kobold.
Your jackal skeleton bites the kobold.
Your jackal skeleton barely misses the kobold.
Your jackal skeleton bites the kobold but does no damage.
The rat attacks as you move away! The rat barely misses you.
Your jackal skeleton crumbles into dust!
The rat attacks as you move away! The rat closely misses you.
The kobold throws a stone.
The stone hits you.
* * * LOW HITPOINT WARNING * * *
Your jackal skeleton bites the kobold but does no damage.
The rat attacks as you move away! The rat bites you.
You die...

### #.####### #........
#.####### #.# #.# #########
#.# .$......########## #.#
#......r@...#####.#######
#....ZK......'†..#........
.....g..........###..........
......#+##########
########### ...... . ......
#. ##### #. #. # #.


You could see a goblin, a kobold (ally target), a rat and a friendly jackal
skeleton.

Vanquished Creatures
  2 jackals (D:1)
  A kobold (D:1)
3 creatures vanquished.

Vanquished Creatures (collateral kills)
  A ball python (D:1)
1 creature vanquished.

Grand Total: 4 creatures vanquished

Notes
Turn   | Place    | Note
-------+----------+-------------------------------------------
     0 | D:1      | Ast3rio the Vampire Necromancer began the quest for the
                  | Orb.
     0 | D:1      | Reached XP level 1. HP: 13/13 MP: 3/3
   235 | D:1      | Slain by a rat

Illustrated notes

Levels and vault maps discovered:
D:1:      dpeg_arrival_short_road, layout_basic, amcnicky_mini_corridor_feature

Action                   || total
-------------------------++-------
Melee: Unarmed           ||    12
       Short sword       ||     4
 Cast: Necrotise         ||     4
  Use: Potion            ||     1
 Stab: Sleeping          ||     1
Armor: Robe              ||    11
Dodge: Dodged            ||    27
